 Dungeon Crawl Stone Soup version 0.31.0-11-ge490571c62 (webtiles) character file.

Game seed: 15762920950708933337

27 qw the Shooter (level 2, -6/16 HPs)
             Began as a Deep Elf Hunter on Feb 3, 2024.
             Killed by nerve-wracking pain
             ... invoked by Jessica
              (10 damage)
             ... on level 1 of the Dungeon.
             The game lasted 00:00:13 (671 turns).

qw the Shooter (Deep Elf Hunter)                     Turns: 671, Time: 00:00:14

Health: -6/16      AC:  0    Str:  8    XL:     2   Next: 93%
Magic:  4/4        EV: 15    Int: 13    God:
Gold:   117        SH:  0    Dex: 18    Spells: 1/1 levels left

rFire   . . .        a - melded +0 shortbow
rCold   . . .        (shield currently unavailable)
rNeg    . . .        c - melded +0 leather armour
rPois   .            (helmet currently unavailable)
rElec   .            e - melded +0 cloak
rCorr   .            (gloves currently unavailable)
SInv    .            (boots currently unavailable)
Will    .....        (no amulet)
Stlth   ++           (ring currently unavailable)
HPRegen 0.22/turn    (ring currently unavailable)
MPRegen 0.09/turn

%: no passive effects
@: pig-form, slowed
A: fast, no casting, small
a: no special abilities


You were on level 1 of the Dungeon.
You were a filthy swine.
You visited 1 branch of the dungeon, and saw 2 of its levels.

You collected 117 gold pieces.


   Skills:
 - Level 1.5 Fighting
 + Level 6.6 Ranged Weapons
 - Level 2.4 Dodging
 - Level 1.2 Stealth


You had one spell level left.
You didn't know any spells.
Your spell library was empty.

Inventory:

Hand Weapons
 a - a +0 shortbow (melded)
Armour
 c - a +0 leather armour (melded)
 e - a +0 cloak (melded)
Potions
 d - a potion of cancellation {unknown}
 h - a potion of heal wounds {unknown}

Dungeon Overview and Level Annotations

Branches:
Dungeon (2/15)

Altars:

Annotations:
D:1 Jessica


Message History

The frilled lizard hisses angrily.
Found a gold piece, an agate ring and a stone.
Found a stone staircase leading up.
There is a stone staircase leading up here.
There are monsters nearby!
Waypoint 1 assigned to D:2.
You shoot an arrow.
The arrow hits Jessica but does no damage.
Jessica shouts!
The ball python hisses angrily.
You hear a shout! x2
You shoot an arrow. The arrow hits Jessica.
Jessica is severely wounded.
A gnoll comes into view.
It is wielding a +0 whip of electrocution.
665 ||| STAIRDANCE Jessica zaps a wand.
You turn into a filthy swine.
Your +0 shortbow melds into your body.
Your +0 cloak melds into your body.
Your +0 leather armour melds into your body.
You climb upwards.
There is a stone staircase leading down here.
You barely miss Jessica.
Jessica is severely wounded.
Jessica shouts, "I don't like beings like you!"
Jessica points at you and mumbles some strange words.
You feel yourself slow down.
You hit Jessica but do no damage.
Jessica is severely wounded.
Jessica hits you with a +0 dagger.
You barely miss Jessica.
Jessica is severely wounded.
Jessica casts a spell.
Jessica seems to speed up.
Jessica hits you with a +0 dagger.
You hit Jessica.
Jessica is severely wounded.
Jessica misses you. Jessica hits you with a +0 dagger!
You hit Jessica.
Jessica is severely wounded.
Jessica closely misses you. Jessica casts a spell at you.
Pain shoots through your body!
Ouch! That really hurt!
You die...

###.############# #.#
#.##..#.....########.######
#.##..#.##................#
###.##..#.##.#########.####.#
..........##.#### #.# #.#
.#####..........# #.# #.# .#
###.###.##.######.####.# .#
#.# #.....@.......##.# .# #.#
####.h......#.##.# .# #.#
####....##.##.## .# #.#
#.##.#...%..#### .# #.#
#.##..)......... .# #.#####
#.####......#### .# #.....##
#.# ##.##.## # ##
####...####.#####.##.# #
#...............##.#####
#........#.#............


You could see Jessica (fast).

Vanquished Creatures
  2 bats (D:1)
  4 endoplasms (D:1)
  5 goblins (D:1)
  2 hobgoblins (D:1)
  A kobold (D:1)
  4 ball pythons (D:1)
  2 frilled lizards (D:1)
  6 rats (D:1)
26 creatures vanquished.

Notes
Turn   | Place    | Note
-------+----------+-------------------------------------------
     0 | D:1      | qw the Deep Elf Hunter began the quest for the Orb.
     0 | D:1      | Reached XP level 1. HP: 12/12 MP: 3/3
     0 | D:1      | 0 ||| qw: Version: 0.3-a-155-g5e7d8dd
     0 | D:1      | 0 ||| qw: Game counter: 3397
     0 | D:1      | 0 ||| qw: Melee chars always use a shield: true
     0 | D:1      | 0 ||| qw: God list: Okawaru
     0 | D:1      | 0 ||| qw: Allow faded altars: false
     0 | D:1      | 0 ||| qw: Do Orc after clearing Dungeon:15 true
     0 | D:1      | 0 ||| qw: Do second Lair branch before Depths: true
     0 | D:1      | 0 ||| qw: Lair rune preference: random
     0 | D:1      | 0 ||| qw: Goals: Normal
     0 | D:1      | 0 ||| PLANNING D:1-11
   107 | D:1      | Reached XP level 2. HP: 16/16 MP: 4/4
   117 | D:1      | Reached skill level 6 in Ranged Weapons
   323 | D:1      | Found a faded altar of an unknown god.
   621 | D:1      | 621 ||| UPGRADING to +0 cloak.
   626 | D:1      | 626 ||| READING 2 scrolls labelled KILOULUECA.
   627 | D:1      | 627 ||| READING scroll labelled MAVVOA QY YTEO.
   630 | D:1      | 630 ||| DROPPING scroll of butterflies.
   631 | D:1      | 631 ||| DROPPING scroll of immolation.
   662 | D:2      | Noticed Jessica
   665 | D:2      | 665 ||| STAIRDANCE
   670 | D:1      | HP: 4/16 [Jessica/+0 dagger (7)]
   671 | D:1      | Killed from afar by Jessica

Levels and vault maps discovered:
D:1:      psy_arrival_dodecagon, layout_loops_ring,
          shapermc_ecumenical_altar_notcrosses, minmay_misc_feat_five
D:2:      layout_rooms, uniq_terence, uniq_jessica

Skill      XL: |  1  2 |
---------------+-------+-----
Ranged Weapons | 6 |  6.6
Fighting       | |  1.5
Dodging        | |  2.4
Stealth        | |  1.2

Action                     || total
---------------------------++-------
  Melee: Unarmed           ||     5
   Fire: Shortbow          ||    67
    Use: Scroll            ||     2
 Armour: Leather armour    ||    10
         Skin              ||     3
  Dodge: Dodged            ||    10

Table legend:
 A = Non-vault XP
 B = Vault XP
 C = Vault XP percentage of total XP
 D = Non-vault monster count
 E = Vault monster count
 F = Vault count percentage of total count
                 A         B        C        D         E       F
            +---------+---------+-------+---------+---------+-------
      Total |      39 |       0 |   0.0 |      26 |       0 |   0.0
            +---------+---------+-------+---------+---------+-------
        D:1 |      39 |       0 |   0.0 |      26 |       0 |   0.0
            +---------+---------+-------+---------+---------+-------
